 Dungeon Crawl Stone Soup version 0.28.0-45-g0d030f2227 (webtiles) character file.

Game seed: 9521345986594014338

294 nickcage the Stinger (level 6, -5/24 (28) HPs)
             Began as a Spriggan Venom Mage on Apr 13, 2022.
             Slain by Crazy Yiuf
             ... wielding a +2 quarterstaff of chaos
              (9 damage)
             ... on level 2 of the Dungeon.
             The game lasted 00:06:30 (2762 turns).

nickcage the Stinger (Spriggan Venom Mage)          Turns: 2762, Time: 00:06:31

HP:   -5/24 (28)    AC:  2    Str:  4    XL:     6   Next: 11%
MP:   9/11          EV: 17    Int: 19    God:
Gold: 72            SH:  0    Dex: 15    Spells: 4/10 levels left

rFire   . . .      SeeInvis +   c - +2 dagger (venom)
rCold   . . .      Faith    .   (no shield)
rNeg    . . .      Spirit   .   a - +0 robe
rPois   .          Reflect  .   (helmet restricted)
rElec   .          Harm     .   (no cloak)
rCorr   .          Rampage  .   (gloves unavailable)
Will    +....                   (boots unavailable)
Stlth   ++........              (no amulet)
HPRegen 0.08/turn               (no ring)
MPRegen 0.12/turn               (no ring)

@: heavily drained, very quick
A: very small, no large weapons, unfitting armour, see invisible, speed 3
a: no special abilities


You were on level 2 of the Dungeon.
You visited 1 branch of the dungeon, and saw 2 of its levels.

You collected 72 gold pieces.

Inventory:

Hand Weapons
 b - a +0 dagger
 c - a +2 dagger of venom (weapon)
Armour
 a - a +0 robe (worn)
Scrolls
 e - 4 scrolls of noise {unknown}
 f - a scroll of identify {unknown}
 g - 3 scrolls of fear {unknown}
 j - a scroll of immolation {unknown}
 l - a scroll of fog {unknown}
Potions
 d - a potion of degeneration {unknown}
 h - a potion of experience {unknown}
 i - a potion of flight {unknown}
 k - a potion of lignification {unknown}


   Skills:
 + Level 0.3 Short Blades
 - Level 2.6 Dodging
 - Level 3.0 Stealth
 - Level 2.6 Spellcasting
 - Level 3.0 Transmutations
 * Level 6.5 Poison Magic


You had 4 spell levels left.
You knew the following spells:

 Your Spells              Type           Power      Damage    Failure   Level
a - Sting                 Tmut/Pois      80%        1d7       2%          1
b - Poisonous Vapours     Pois/Air       28%        N/A       6%          2
c - Mephitic Cloud        Conj/Pois/Air  10%        N/A       19%         3

Your spell library contained the following spells:

 Spells                   Type           Power      Damage    Failure   Level
 Olgreb's Toxic Radiance  Pois           27%        N/A       11%         4
 Corpse Rot               Necr/Air       4%         N/A       24%         2


Dungeon Overview and Level Annotations

Branches:
Dungeon (2/15)

Altars:

Annotations:
D:2 Crazy Yiuf


Innate Abilities, Weirdness & Mutations

You are very small and have problems with some larger weapons.
You are too small for most types of armour.
You have supernaturally acute eyesight. (SInv)
You cover ground extremely quickly. (Speed+++)


Message History

You barely miss the worm. You punch the worm.
You kill the worm!
HP restored.
You open the door.
There is an open door here.
You open the door.
There is an open door here.
There is a stone staircase leading down here.
You open the door.
A ball python comes into view.
There is an open door here.
The sting hits the ball python.
The ball python is poisoned.
You kill the ball python!
Found a mace.
Found two maces.
You see here a +0 mace.
Found a runed mace and six maces.
Found a runed translucent door.
You see here a +0 mace.
Found a mace.
Crazy Yiuf shouts!
You see here a +2 mace of protection.
Crazy Yiuf grits, "Action sing cower!"
You see here a +0 mace.
Found three maces.
You see here a +0 mace.
You open the door.
The sting hits Crazy Yiuf.
Crazy Yiuf is poisoned.
Crazy Yiuf is moderately wounded.
Crazy Yiuf hits you with a +2 quarterstaff of chaos!
You feel drained.
The sting hits Crazy Yiuf.
Crazy Yiuf looks even sicker.
Crazy Yiuf is moderately wounded.
Crazy Yiuf hits you with a +2 quarterstaff of chaos!
* * * LOW HITPOINT WARNING * * *
You feel drained.
* * * LOW HITPOINT WARNING * * *
You closely miss Crazy Yiuf.
Crazy Yiuf is moderately wounded.
Crazy Yiuf hits you with a +2 quarterstaff of chaos!
You die...

# ######### #.
........# ###.#
#####.### .... ###
#..###♣♣♣♣♣ ##+#..
..# ##.#.#.)♣)♣♣♣
### #..... ..#
#......)♣))♣#)))#
#..... ..#
#......♣♣♣♣@g)).#
#..... ###
##..#.♣♣ ♣♣#)))#
#..... ### ####♣♣
### #####..... ..#
#......... #.#
####...... #.##
###
#########...††....
#..# #.#
#.......####††....
##.#######.#
#.......####'###.#
........##.#
#.................


You could see Crazy Yiuf (very poisoned).

Vanquished Creatures
  Sigmund (D:2)
  Jessica (D:2)
  4 adders (D:2)
  2 worms (D:2)
  3 dart slugs
  3 ball pythons
  7 endoplasms
  3 giant cockroaches
  6 goblins
  3 hobgoblins
  4 jackals (D:1)
  6 kobolds
  2 quokkas (D:1)
  2 bats (D:1)
  11 frilled lizards
  3 rats
61 creatures vanquished.

Notes
Turn   | Place    | Note
-------+----------+-------------------------------------------
     0 | D:1      | nickcage the Spriggan Venom Mage began the quest for the
                  | Orb.
     0 | D:1      | Reached XP level 1. HP: 9/9 MP: 5/5
   199 | D:1      | Reached XP level 2. HP: 13/13 MP: 3/6
   202 | D:1      | Learned a level 2 spell: Poisonous Vapours
   808 | D:1      | Reached XP level 3. HP: 11/16 MP: 0/8
  1495 | D:2      | Reached skill level 4 in Poison Magic
  1560 | D:2      | Learned a level 3 spell: Mephitic Cloud
  1600 | D:2      | Noticed Jessica
  1607 | D:2      | Killed Jessica
  1608 | D:2      | Reached XP level 4. HP: 21/21 MP: 4/9
  1918 | D:2      | Reached skill level 5 in Poison Magic
  1946 | D:2      | Noticed Sigmund
  1962 | D:2      | Killed Sigmund
  1963 | D:2      | Reached skill level 6 in Poison Magic
  1963 | D:2      | Reached XP level 5. HP: 6/24 MP: 2/10
  1963 | D:2      | Reached XP level 6. HP: 7/28 MP: 2/11
  2755 | D:2      | Found a runed translucent door.
  2756 | D:2      | Noticed Crazy Yiuf
  2762 | D:2      | Slain by Crazy Yiuf

Illustrated notes

Levels and vault maps discovered:
D:1:      elethiomel_arrival_infinity_welcomes_careful_drivers, layout_basic,
          chequers_avenue, nrook_loot_triangle
D:2:      layout_basic, minmay_lizard_pond, uniq_sigmund,
          uniq_crazy_yiuf_cottage, uniq_jessica

Skill      XL: |  1  2  3  4 |
---------------+-------------+-----
Transmutations | 2 3 |  3.0
Poison Magic   | 4 6 |  6.5
Short Blades   | |  0.3
Dodging        | |  2.6
Stealth        | |  3.0
Spellcasting   | |  2.6

Action                   |  1- 3 |  4- 6 || total
-------------------------+-------+-------++-------
Melee: Dagger            |     8 |    17 ||    25
       Punch             |     1 |     1 ||     2
 Cast: Sting             |    67 |    47 ||   114
Armor: Robe              |     3 |     4 ||     7
Dodge: Dodged            |    16 |    35 ||    51
